[Event "Titled Tuesday Blitz January 17 Late 2023"]
[White "Andreikin, Dmitry"]
[Black "Galperin, Platon"]
[WhiteFideId "4158814"]
[BlackFideId "14165414"]
[WhiteElo "2729"]
[BlackElo "2528"]
[Result "1-0"]
[Round "04"]
[TimeControl "180+2"]
[Date "2023.01.17"]
[WhiteClock "0:00:43"]
[BlackClock "0:00:02"]

1. Nf3 Nf6 2. c4 g6 3. b4 Bg7 4. Bb2 Nc6 5. a3 O-O 6. g3 e5 7. d3 d5 8. cxd5 Nxd5 9. Nbd2 Re8 10. e4 Nb6 11. h4 a5 12. bxa5 Nxa5 13. h5 Bg4 14. hxg6 hxg6 15. Be2 Nc6 16. Kf1 Na4 17. Rb1 Nc5 18. Qc2 Ne6 19. Kg2 Qd7 20. Rh4 Bh5 21. Rbh1 Bf6 22. Rxh5 gxh5 23. Rxh5 Rad8 24. Qc1 Ng7 25. Rh2 Qe7 26. Nc4 Ne6 27. Qh6 Ned4 28. Ne3 Bg7 29. Qh7+ Kf8 30. Bxd4 Nxd4 31. Nxd4 exd4 32. Nf5 Qf6 33. Bh5 Re5 34. Rh4 Rxf5 35. exf5 Qh6 36. Qxh6 Bxh6 37. Bxf7 Bg5 38. Rh5 Bf6 39. Be6 Ke7 40. f4 Rh8 41. Rxh8 Bxh8 42. g4 b5 43. Kf3 c5 44. Ke4 Kd6 45. g5 Bg7 46. Ba2 Bf8 47. f6 Kc6 48. g6 c4 49. g7 1-0


[Site "https://www.chess.com"]

[Event "Titled Tuesday Blitz January 17 Late 2023"]
[White "Zhigalko, Sergei"]
[Black "Sarana, Alexey"]
[WhiteFideId "13502956"]
[BlackFideId "24133795"]
[WhiteElo "2572"]
[BlackElo "2685"]
[Result "1-0"]
[Round "04"]
[TimeControl "180+2"]
[Date "2023.01.17"]
[WhiteClock "0:00:16"]
[BlackClock "0:00:05"]

1. e4 e5 2. Nf3 Nc6 3. Bb5 a6 4. Ba4 b5 5. Bb3 Na5 6. O-O d6 7. d4 exd4 8. Nxd4 Bb7 9. Bd2 Nxb3 10. Nxb3 Nf6 11. Nc3 Be7 12. Na5 Qc8 13. Re1 O-O 14. Qf3 Re8 15. a3 Rb8 16. Nxb7 Qxb7 17. h3 Bf8 18. Bg5 Nd7 19. Rad1 Ne5 20. Qg3 Nc4 21. Bc1 Re6 22. b3 Rg6 23. Qd3 Ne5 24. Qe2 Qc8 25. Kh1 f5 26. f4 Nf7 27. Qd3 fxe4 28. Nxe4 Qf5 29. g4 Qd7 30. f5 Rh6 31. Bxh6 Nxh6 32. Qd5+ Kh8 33. Nc5 Qc8 34. Ne6 Ng8 35. Ng5 h6 36. Nf7+ Kh7 37. g5 hxg5 38. Nxg5+ Kh8 39. Nf7+ Kh7 40. Rd4 Qb7 41. Qxb7 Rxb7 42. Re8 g5 43. Nxg5+ Kg7 44. Ne6+ 1-0


[Site "https://www.chess.com"]

[Event "Titled Tuesday Blitz January 17 Late 2023"]
[White "Duda, Jan-Krzysztof"]
[Black "Bernadskiy, Vitaliy"]
[WhiteFideId "1170546"]
[BlackFideId "14100371"]
[WhiteElo "2724"]
[BlackElo "2592"]
[Result "1-0"]
[Round "04"]
[TimeControl "180+2"]
[Date "2023.01.17"]
[WhiteClock "0:00:02"]
[BlackClock "0:00:02"]

1. c4 Nf6 2. Nc3 c5 3. g3 g6 4. Bg2 Bg7 5. d3 O-O 6. e4 Nc6 7. Nge2 a6 8. O-O Rb8 9. a4 Ne8 10. Be3 d6 11. d4 cxd4 12. Nxd4 Nc7 13. Qd2 Bd7 14. h3 Na5 15. Qd3 Ne6 16. Nxe6 fxe6 17. Rad1 b6 18. b4 Nc6 19. Na2 a5 20. b5 Ne5 21. Qe2 Rc8 22. Rc1 Qc7 23. Rc2 Be8 24. Nc1 Bf7 25. Nb3 Nd7 26. Rfc1 e5 27. Bf3 Rb8 28. Bg4 Nf6 29. Nd2 h5 30. Bf3 Be6 31. Bg2 Rbc8 32. Kh2 Nd7 33. Nb3 Qd8 34. h4 Qe8 35. Bh3 Bxh3 36. Kxh3 Qf7 37. Kg2 Qe6 38. Qd3 Qf6 39. Bg5 Qe6 40. Qd5 Kf7 41. Be3 Rc7 42. Nd2 Rfc8 43. Qd3 Nc5 44. Bxc5 Rxc5 45. Qe3 Kg8 46. Nb3 Rxc4 47. Rxc4 Rxc4 48. Qxb6 Rxe4 49. Nc5 Qd5 50. Qc6 1-0


[Site "https://www.chess.com"]

[Event "Titled Tuesday Blitz January 17 Late 2023"]
[White "Bluebaum, Matthias"]
[Black "Baskakov, Egor"]
[WhiteFideId "24651516"]
[BlackFideId "24197866"]
[WhiteElo "2669"]
[BlackElo "2215"]
[Result "0-1"]
[Round "04"]
[TimeControl "180+2"]
[Date "2023.01.17"]
[WhiteClock "0:00:21"]
[BlackClock "0:00:15"]

1. d4 Nf6 2. c4 e6 3. Nc3 d5 4. cxd5 Nxd5 5. e4 Nxc3 6. bxc3 b6 7. Nf3 Bb7 8. Bd3 Nd7 9. e5 Be7 10. h4 h6 11. Be3 c5 12. Rh3 cxd4 13. cxd4 Rc8 14. Kf1 Bd5 15. Kg1 Nb8 16. Rg3 Kf8 17. h5 Nc6 18. a3 Na5 19. Nd2 Rc3 20. Qg4 Bg5 21. f4 Rxd3 22. fxg5 hxg5 23. Bxg5 Rxg3 24. Qxg3 Qc7 25. Qh4 Nb3 26. Nxb3 Bxb3 27. Rc1 Qd7 28. Rc3 Bd1 29. h6 Rh7 30. hxg7+ Kg8 31. Qe4 Rxg7 32. Bf6 Rg4 33. Qa8+ Kh7 34. Qh8+ Kg6 35. Qg7+ Kf5 36. Qh7+ Kf4 37. Qh6+ Ke4 38. Qe3+ Kd5 39. Rd3 Qa4 40. Qd2 Rxd4 41. Rxd4+ Qxd4+ 42. Qxd4+ Kxd4 43. Kf2 b5 44. Kg3 a5 45. Bd8 b4 46. axb4 axb4 47. Be7 b3 48. Ba3 Kc3 49. Kf4 b2 50. Bxb2+ Kxb2 51. Kg5 Kc3 52. Kf6 Bh5 53. g4 Bg6 54. g5 Kd4 55. Ke7 Kxe5 56. Kf8 Kf5 57. Kg7 Kxg5 58. Kh8 e5 59. Kg7 e4 60. Kg8 e3 61. Kg7 e2 62. Kg8 e1=Q 63. Kg7 f5 64. Kg8 f4 65. Kg7 f3 66. Kg8 f2 67. Kg7 f1=Q 68. Kg8 Qe8+ 69. Kg7 Qa1# 0-1


[Site "https://www.chess.com"]

[Event "Titled Tuesday Blitz January 17 Late 2023"]
[White "Paichadze, Luka"]
[Black "Chigaev, Maksim"]
[WhiteFideId "13602934"]
[BlackFideId "4108116"]
[WhiteElo "2515"]
[BlackElo "2628"]
[Result "0-1"]
[Round "04"]
[TimeControl "180+2"]
[Date "2023.01.17"]
[WhiteClock "0:01:03"]
[BlackClock "0:01:17"]

1. e4 c5 2. b3 g6 3. Bb2 Nf6 4. Qf3 d6 5. Bb5+ Nbd7 6. Bxf6 exf6 7. Qd3 f5 8. exf5 Bg7 9. Nc3 O-O 10. fxg6 hxg6 11. Nge2 Ne5 12. Qg3 a6 13. Bc4 Nxc4 14. bxc4 Be6 15. Rb1 Bxc4 16. d3 Bxa2 17. Rxb7 Qa5 18. Kd2 Rae8 19. Qxd6 Rxe2+ 20. Kxe2 Qxc3 21. Rd1 Be6 22. Rb8 Qxc2+ 23. Rd2 Qc3 24. Rxf8+ Bxf8 25. Qxa6 c4 26. d4 Bb4 0-1


[Site "https://www.chess.com"]

[Event "Titled Tuesday Blitz January 17 Late 2023"]
[White "Eljanov, Pavel"]
[Black "Lodici, Lorenzo"]
[WhiteFideId "14102951"]
[BlackFideId "884189"]
[WhiteElo "2705"]
[BlackElo "2524"]
[Result "1-0"]
[Round "04"]
[TimeControl "180+2"]
[Date "2023.01.17"]
[WhiteClock "0:00:38"]
[BlackClock "0:00:01"]

1. d4 Nf6 2. c4 d6 3. Nc3 g6 4. e4 Bg7 5. h3 e5 6. d5 a5 7. Nf3 Na6 8. Be3 Nc5 9. Nd2 Ng8 10. a3 Bh6 11. Bxh6 Nxh6 12. b4 axb4 13. axb4 Rxa1 14. Qxa1 Na6 15. c5 O-O 16. c6 Nxb4 17. Qa4 Nxc6 18. dxc6 bxc6 19. Qxc6 Bd7 20. Qb7 Kg7 21. Be2 Qg5 22. h4 Qd8 23. g3 Bc8 24. Qa7 c6 25. O-O Be6 26. Rd1 Qf6 27. Nf3 Rd8 28. Ng5 Bg4 29. Bxg4 Nxg4 30. f3 h6 31. fxg4 hxg5 32. Rf1 Qe6 33. hxg5 Rd7 34. Qf2 Qxg4 35. Qf6+ Kg8 36. Kg2 Rb7 37. Qd8+ Kg7 38. Qxd6 1-0


[Site "https://www.chess.com"]

[Event "Titled Tuesday Blitz January 17 Late 2023"]
[White "Holt, Conrad"]
[Black "Sadhwani, Raunak"]
[WhiteFideId "2034387"]
[BlackFideId "35093487"]
[WhiteElo "2540"]
[BlackElo "2627"]
[Result "1/2-1/2"]
[Round "04"]
[TimeControl "180+2"]
[Date "2023.01.17"]
[WhiteClock "0:00:08"]
[BlackClock "0:00:07"]

1. d4 Nf6 2. c4 g6 3. Nc3 Bg7 4. e4 d6 5. Nf3 O-O 6. h3 b6 7. Bd3 Bb7 8. O-O Nc6 9. d5 Nb4 10. Bg5 Nxd3 11. Qxd3 h6 12. Bh4 Nd7 13. Rae1 Re8 14. Nd4 g5 15. Bg3 e6 16. Qd2 Ne5 17. b3 Ng6 18. Nce2 Qd7 19. f4 exd5 20. f5 Ne5 21. f6 Bf8 22. exd5 Ng6 23. Nf5 c6 24. dxc6 Qxc6 25. Ned4 Qc5 26. Kh2 Kh7 27. Nb5 Rxe1 28. Qxe1 Rd8 29. Qe2 a6 30. Nc3 d5 31. Nxd5 Bxd5 32. cxd5 Rxd5 33. Qe8 Nh8 34. Qe4 Ng6 35. Ne7 Rd4 36. Qb1 h5 37. Nxg6 fxg6 38. Bf2 Qd6+ 39. Kh1 Rf4 40. Be3 Rxf6 41. Bxg5 Rxf1+ 42. Qxf1 Bg7 43. Be3 b5 44. Bg1 Qe6 45. Qf2 Bf6 46. Qa7+ Kh6 47. Qf2 g5 48. Qd2 Kg6 49. Be3 Qf5 50. Kg1 Qe4 51. Kf2 g4 52. Kg3 Be5+ 53. Kf2 g3+ 54. Kf1 Qf5+ 55. Ke2 Qe4 56. Qd3 Kf5 57. a4 b4 58. Kd2 Bc3+ 59. Ke2 Be5 60. Kd2 Bf4 61. Qxe4+ Kxe4 62. Bxf4 Kxf4 63. Kd3 a5 64. Kd4 h4 65. Kd3 Kf5 66. Kd4 Kf4 67. Kd3 Kf5 68. Kd4 Kf4 1/2-1/2


[Site "https://www.chess.com"]

[Event "Titled Tuesday Blitz January 17 Late 2023"]
[White "Jobava, Baadur"]
[Black "Boruchovsky, Avital"]
[WhiteFideId "13601520"]
[BlackFideId "2800055"]
[WhiteElo "2578"]
[BlackElo "2539"]
[Result "1-0"]
[Round "04"]
[TimeControl "180+2"]
[Date "2023.01.17"]
[WhiteClock "0:00:05"]
[BlackClock "0:00:02"]

1. e4 c5 2. c3 Nf6 3. e5 Nd5 4. Qf3 e6 5. Qg3 Nc6 6. Nf3 Nde7 7. Bd3 d6 8. exd6 Ng6 9. d7+ Qxd7 10. Bxg6 hxg6 11. d4 cxd4 12. O-O d3 13. Bf4 f6 14. Qxg6+ Qf7 15. Qxd3 e5 16. Bg3 Be6 17. Nbd2 Rd8 18. Qe2 g5 19. Rfd1 g4 20. Ne1 Be7 21. Nf1 Qh5 22. Rxd8+ Bxd8 23. Rd1 Bc7 24. Qb5 Bc8 25. Ne3 a6 26. Qc4 Qf7 27. Nd5 Bd8 28. Nd3 Ne7 29. Nxf6+ Qxf6 30. Bxe5 Qh6 31. Bxh8 Qxh8 32. Re1 Bf5 33. Ne5 Qh7 34. Nxg4 Qg7 35. Ne3 Bd7 36. h4 Bc6 37. Qg4 Qf7 38. h5 Bd7 39. Qe4 Kf8 40. Qxb7 Be6 41. Qxa6 Bc7 42. Qa8+ Nc8 43. Qf3 Qxf3 44. gxf3 Bf4 45. Ng4 Bf7 46. Kg2 Bxh5 47. a4 Nd6 48. b4 Nf5 49. Rh1 Be8 50. a5 Bb5 51. Rh5 Bd3 52. a6 Bb8 53. Rh8+ 1-0


[Site "https://www.chess.com"]

[Event "Titled Tuesday Blitz January 17 Late 2023"]
[White "Dominguez Perez, Leinier"]
[Black "Pakleza, Zbigniew"]
[WhiteFideId "3503240"]
[BlackFideId "1119290"]
[WhiteElo "2739"]
[BlackElo "2494"]
[Result "1-0"]
[Round "04"]
[TimeControl "180+2"]
[Date "2023.01.17"]
[WhiteClock "0:00:32"]
[BlackClock "0:00:02"]

1. d4 d6 2. Nf3 Bg4 3. e3 Nf6 4. Be2 c6 5. O-O e6 6. c4 d5 7. Nbd2 Be7 8. h3 Bh5 9. b3 O-O 10. Bb2 Nbd7 11. Qc2 Bg6 12. Bd3 b5 13. Bxg6 hxg6 14. Rac1 bxc4 15. bxc4 Qa5 16. Bc3 Qa6 17. c5 Rfb8 18. Ne1 Ne8 19. Nd3 Qc8 20. Qa4 Rb5 21. Rb1 Nc7 22. Qc2 Rab8 23. a4 Rxb1 24. Rxb1 Rxb1+ 25. Qxb1 Qb8 26. Qc2 Na6 27. e4 dxe4 28. Nxe4 Nf6 29. Ne5 Qb7 30. Ng5 Nd5 31. Ngxf7 Nf4 32. Bd2 Nb4 33. Qe4 Nfd5 34. Qxg6 Bf6 35. Bxb4 Qxb4 36. Nh6+ Kh8 37. Nef7# 1-0


[Site "https://www.chess.com"]

[Event "Titled Tuesday Blitz January 17 Late 2023"]
[White "Tang, Andrew"]
[Black "Boros, Denes"]
[WhiteFideId "2059630"]
[BlackFideId "722340"]
[WhiteElo "2523"]
[BlackElo "2406"]
[Result "1-0"]
[Round "04"]
[TimeControl "180+2"]
[Date "2023.01.17"]
[WhiteClock "0:00:04"]
[BlackClock "0:00:05"]

1. d4 g6 2. c4 Bg7 3. Nc3 Nc6 4. d5 Na5 5. e4 c5 6. f4 d6 7. Nf3 e6 8. e5 Ne7 9. Ne4 O-O 10. Nxd6 Bd7 11. Be2 b5 12. dxe6 Bxe6 13. cxb5 c4 14. Be3 Nd5 15. Qd2 a6 16. f5 gxf5 17. Bg5 Qb6 18. Bh6 f4 19. Bxf4 Nxf4 20. Qxf4 f6 21. Qh4 axb5 22. Rd1 Nc6 23. Ne4 Nxe5 24. Rd6 Qa5+ 25. Kf1 Rae8 26. a3 b4 27. axb4 Qxb4 28. Rd2 Bf5 29. Nc3 Kh8 30. h3 Ra8 31. Qf4 Bg6 32. Kf2 Qc5+ 33. Kg3 Nd3 34. Bxd3 cxd3 35. Re1 Rg8 36. Kh2 Rab8 37. Ne4 Qc6 38. Rxd3 Rxb2 39. Rd2 Rc2 40. Rxc2 Qxc2 41. Ng3 Qc3 42. Re3 Qc6 43. Nh4 Bf7 44. Nhf5 Bg6 45. Ne7 Qa8 46. Nxg6+ 1-0


[Site "https://www.chess.com"]

[Event "Titled Tuesday Blitz January 17 Late 2023"]
[White "Kaasen, Tor Fredrik"]
[Black "Zakhartsov, Vladimir"]
[WhiteFideId "1516647"]
[BlackFideId "4145097"]
[WhiteElo "2480"]
[BlackElo "2552"]
[Result "0-1"]
[Round "04"]
[TimeControl "180+2"]
[Date "2023.01.17"]
[WhiteClock "0:00:02"]
[BlackClock "0:00:19"]

1. Nf3 Nf6 2. c4 e6 3. Nc3 d5 4. e3 dxc4 5. Bxc4 a6 6. O-O b5 7. Be2 Bb7 8. a4 b4 9. Nb1 c5 10. d3 Nbd7 11. Nbd2 Be7 12. Qc2 O-O 13. e4 Rc8 14. Nc4 Nb6 15. Nxb6 Qxb6 16. b3 Rfd8 17. Bb2 a5 18. Ne5 Nd7 19. Nc4 Qc7 20. f4 Bf6 21. e5 Be7 22. f5 exf5 23. Rxf5 Bd5 24. Raf1 Be6 25. R5f4 Nb6 26. Bg4 Rf8 27. Rxf7 Bxf7 28. e6 Bg6 29. Rxf8+ Rxf8 30. Ne5 Nd5 31. Qe2 Nc3 32. Qe3 Bd6 33. Nxg6 Bxh2+ 0-1


[Site "https://www.chess.com"]

[Event "Titled Tuesday Blitz January 17 Late 2023"]
[White "Svane, Frederik"]
[Black "Kobalia, Mikhail"]
[WhiteFideId "12923044"]
[BlackFideId "4119150"]
[WhiteElo "2600"]
[BlackElo "2578"]
[Result "1-0"]
[Round "04"]
[TimeControl "180+2"]
[Date "2023.01.17"]
[WhiteClock "0:00:05"]
[BlackClock "0:00:04"]

1. e4 c5 2. Nf3 e6 3. Be2 Nc6 4. O-O Nf6 5. Nc3 d5 6. exd5 Nxd5 7. d4 Nxc3 8. bxc3 Be7 9. Qd3 O-O 10. Qe4 Qd5 11. Bd3 Qxe4 12. Bxe4 cxd4 13. cxd4 Rd8 14. Be3 Na5 15. Rab1 Rb8 16. Bf4 Bd6 17. Bxd6 Rxd6 18. Rfc1 b6 19. c4 Rd8 20. c5 Ba6 21. g4 Bc4 22. a3 f6 23. Rb4 Bd5 24. Bxd5 exd5 25. cxb6 axb6 26. Nd2 Rdc8 27. Rxc8+ Rxc8 28. Rxb6 Rc2 29. Nf1 Nc4 30. Rb5 Ra2 31. Rxd5 Rxa3 32. Rd7 Rd3 33. Ng3 Ne5 34. Rb7 Rxd4 35. Rxg7+ Kxg7 36. Nf5+ Kg6 37. Nxd4 Nxg4 38. Kg2 Ne5 39. Ne2 Nd3 40. Kg3 Kg5 41. h4+ Kf5 42. Nd4+ Ke4 43. Ne6 f5 44. Ng5+ Ke5 45. Nxh7 f4+ 46. Kf3 Ne1+ 47. Ke2 Ng2 48. h5 Kf5 49. Nf8 Nh4 50. h6 Kf6 51. Kd3 Kf7 52. h7 Kg7 53. Ke4 Ng2 54. Kf3 Ne1+ 55. Ke2 Ng2 56. Kf3 Ne1+ 57. Kxf4 Nd3+ 58. Ke3 Ne5 59. Ke4 Nf7 60. Ne6+ Kxh7 61. f4 Nh6 62. Ke5 Kg6 63. Nd4 Ng4+ 64. Ke6 Ne3 65. Nf3 Ng4 66. Ne5+ Kg7 67. Nxg4 1-0


[Site "https://www.chess.com"]

[Event "Titled Tuesday Blitz January 17 Late 2023"]
[White "Rasulov, Vugar"]
[Black "Mahdavi, Reza"]
[WhiteFideId "13402390"]
[BlackFideId "12595926"]
[WhiteElo "2523"]
[BlackElo "2339"]
[Result "1-0"]
[Round "04"]
[TimeControl "180+2"]
[Date "2023.01.17"]
[WhiteClock "0:00:21"]
[BlackClock "0:01:24"]

1. d4 Nf6 2. c4 g6 3. Nc3 Bg7 4. e4 d6 5. h3 O-O 6. Be3 e5 7. d5 a5 8. g4 Na6 9. Nge2 c6 10. Ng3 cxd5 11. cxd5 Bd7 12. Be2 Ne8 13. h4 Nc5 14. h5 Nc7 15. Qd2 b5 16. Bh6 Qe7 17. Bxg7 Kxg7 18. Rc1 b4 19. Nd1 Nb5 20. hxg6 fxg6 21. Qh6+ Kg8 22. Ne3 Nd4 23. Nc4 Rf7 24. Nb6 Raf8 25. Nxd7 Qxd7 26. Nf5 gxf5 27. exf5 Nxe2 28. Kxe2 Qb5+ 29. Kf3 Qd3+ 30. Kg2 Rg7 31. Rh4 Qxf5 32. Qxg7+ Kxg7 33. gxf5 Rxf5 34. Rch1 Nd3 35. Rxh7+ Kg8 36. Rh8+ Kg7 37. R1h7+ Kg6 38. Rh6+ Kg7 39. R8h7+ Kg8 40. Ra7 Rxf2+ 41. Kg3 Rf7 42. Rg6+ Kf8 43. Ra8+ Ke7 44. Re6+ Kd7 45. Ra7+ Kd8 46. Rxf7 1-0


[Site "https://www.chess.com"]

[Event "Titled Tuesday Blitz January 17 Late 2023"]
[White "Nasuta, Grzegorz"]
[Black "Hansen, Eric"]
[WhiteFideId "1141686"]
[BlackFideId "2606771"]
[WhiteElo "2552"]
[BlackElo "2609"]
[Result "0-1"]
[Round "04"]
[TimeControl "180+2"]
[Date "2023.01.17"]
[WhiteClock "0:00:03"]
[BlackClock "0:00:13"]

1. e4 b6 2. d4 Bb7 3. Bd3 g6 4. Nf3 Bg7 5. c3 d6 6. a4 a6 7. Be3 e5 8. O-O Nd7 9. h3 Ngf6 10. Nbd2 O-O 11. Re1 Re8 12. Qc2 Nh5 13. Rad1 h6 14. dxe5 Nxe5 15. Nxe5 Rxe5 16. Be2 Nf6 17. f3 Re8 18. Nc4 Qe7 19. Bf1 Rad8 20. Qc1 Kh7 21. Bf2 Nh5 22. Ne3 Qd7 23. Qc2 Nf4 24. Kh2 h5 25. g3 Ne6 26. h4 Nc5 27. b3 Qe6 28. c4 Qf6 29. Bg2 Qc3 30. Qxc3 Bxc3 31. Rb1 Bxe1 32. Bxe1 f5 33. b4 Nd3 34. Bd2 fxe4 35. f4 d5 36. cxd5 Bxd5 37. Bc3 Bc6 38. Bh3 Bd7 39. Bg2 Bxa4 40. Ra1 Bb5 41. Bh3 Nf2 42. Bg2 Rd3 0-1


[Site "https://www.chess.com"]

[Event "Titled Tuesday Blitz January 17 Late 2023"]
[White "Ibarra Jerez, Jose Carlos"]
[Black "Manukyan, Sargis A."]
[WhiteFideId "2226332"]
[BlackFideId "13303970"]
[WhiteElo "2563"]
[BlackElo "2158"]
[Result "1-0"]
[Round "04"]
[TimeControl "180+2"]
[Date "2023.01.17"]
[WhiteClock "0:00:40"]
[BlackClock "0:00:04"]

1. e4 c5 2. Nc3 Nc6 3. Bb5 Nd4 4. Nf3 Nxb5 5. Nxb5 a6 6. Nc3 d6 7. d4 cxd4 8. Qxd4 Nf6 9. Bg5 e6 10. O-O-O Be7 11. Bxf6 Bxf6 12. Qxd6 Qxd6 13. Rxd6 Bxc3 14. bxc3 Bd7 15. Ne5 Ba4 16. Rb6 Rb8 17. Rd1 Ke7 18. Rd4 Bb5 19. a4 Be8 20. Rdb4 g5 21. Rxb7+ Rxb7 22. Rxb7+ Kf6 23. Ng4+ Kg7 24. a5 Bc6 25. Rb4 f5 26. exf5 exf5 27. Ne3 f4 28. Nf5+ Kf6 29. Rb6 Kxf5 30. Rxc6 Re8 31. Rxa6 Re2 32. Rd6 Rxf2 33. Rd2 Rf1+ 34. Kb2 Re1 35. a6 Re6 36. Rd5+ Ke4 37. Ra5 Re8 38. Rxg5 Rb8+ 39. Ka3 Ra8 40. Ra5 Ke3 41. Ra4 h5 42. h4 Rg8 43. a7 Ra8 44. Kb3 Kf2 45. Rxf4+ Kg3 46. Ra4 Kh2 47. c4 Kg3 48. c5 Kh2 49. c6 Kg3 50. c7 Kh2 51. c8=Q Rxc8 52. a8=Q Rc5 53. Qb8+ Kh1 54. Ra1+ Kxg2 55. Qg8+ Kh3 56. Rh1# 1-0


[Site "https://www.chess.com"]

[Event "Titled Tuesday Blitz January 17 Late 2023"]
[White "Remizov, Yaroslav"]
[Black "Ozer, Omer Faruk"]
[WhiteFideId "34134015"]
[BlackFideId "6354564"]
[WhiteElo "2421"]
[BlackElo "2360"]
[Result "1-0"]
[Round "04"]
[TimeControl "180+2"]
[Date "2023.01.17"]
[WhiteClock "0:01:08"]
[BlackClock "0:00:25"]

1. e4 c5 2. Nf3 Nc6 3. Bb5 e5 4. O-O Bd6 5. c3 a6 6. Bc4 b5 7. Bd5 Nge7 8. d4 cxd4 9. cxd4 exd4 10. Nxd4 Qc7 11. Kh1 Nxd5 12. Nf5 O-O 13. Qxd5 Be7 14. Nxe7+ Nxe7 15. Qxa8 Nc6 16. Nc3 d6 17. Nd5 Qd7 18. Qxc6 1-0


[Site "https://www.chess.com"]

[Event "Titled Tuesday Blitz January 17 Late 2023"]
[White "Liang, Justin"]
[Black "Abdrlauf, Elham"]
[WhiteFideId "2099942"]
[BlackFideId "1533533"]
[WhiteElo "2052"]
[BlackElo "2518"]
[Result "0-1"]
[Round "04"]
[TimeControl "180+2"]
[Date "2023.01.17"]
[WhiteClock "0:00:07"]
[BlackClock "0:00:45"]

1. d4 Nf6 2. c4 e6 3. Nf3 d5 4. g3 dxc4 5. Qa4+ Bd7 6. Qxc4 Bc6 7. Bg2 Nbd7 8. O-O Bd6 9. Nc3 Rb8 10. Rd1 b5 11. Qxc6 Rb6 12. Qxb6 axb6 13. Nxb5 O-O 14. Nxd6 cxd6 15. Bf4 Qe7 16. Rdc1 Nd5 17. Bg5 N7f6 18. e4 h6 19. exd5 hxg5 20. dxe6 fxe6 21. Nxg5 Ng4 22. Nf3 e5 23. dxe5 dxe5 24. Rc4 Nf6 25. Re1 e4 26. Nd2 b5 27. Rc3 Qa7 28. Ra3 Qd4 29. Re2 Ng4 30. Nxe4 Qd1+ 31. Bf1 Nxh2 32. Kxh2 Qxf1 33. Rae3 Rf5 34. g4 Rf3 35. Rxf3 Qxe2 36. Re3 Qxb2 37. Nd6 Qxf2+ 0-1


[Site "https://www.chess.com"]

[Event "Titled Tuesday Blitz January 17 Late 2023"]
[White "Zierk, Steven"]
[Black "Yuan, Qingyu"]
[WhiteFideId "2034255"]
[BlackFideId "8609772"]
[WhiteElo "2488"]
[BlackElo "2373"]
[Result "1/2-1/2"]
[Round "04"]
[TimeControl "180+2"]
[Date "2023.01.17"]
[WhiteClock "0:00:03"]
[BlackClock "0:00:04"]

1. e4 e5 2. Nf3 Nc6 3. Bc4 Bc5 4. c3 Nf6 5. d4 exd4 6. e5 Ng4 7. cxd4 Bb4+ 8. Bd2 Bxd2+ 9. Qxd2 O-O 10. O-O d5 11. Bd3 Nh6 12. Nc3 Bf5 13. Bb5 Ne7 14. Ne2 c6 15. Ba4 Qb6 16. b4 Bg4 17. Qc3 a5 18. Rab1 axb4 19. Rxb4 Qa5 20. Rxb7 Qxa4 21. Rxe7 Qxa2 22. Nf4 Ra3 23. Qxc6 Bxf3 24. gxf3 Nf5 25. Re8 Ra8 26. Rxf8+ Rxf8 27. Qc3 Rb8 28. Qd3 g6 29. Rc1 Rb3 30. Nh5 Rb8 31. Nf6+ Kg7 32. Qc3 Rb1 33. Rxb1 Qxb1+ 34. Kg2 Nh4+ 35. Kh3 Nf5 36. Kg2 Nh4+ 37. Kh3 Nf5 38. Kg2 1/2-1/2


[Site "https://www.chess.com"]

[Event "Titled Tuesday Blitz January 17 Late 2023"]
[White "Esipenko, Andrey"]
[Black "Wieczorek, Oskar"]
[WhiteFideId "24175439"]
[BlackFideId "1133950"]
[WhiteElo "2679"]
[BlackElo "2512"]
[Result "1-0"]
[Round "04"]
[TimeControl "180+2"]
[Date "2023.01.17"]
[WhiteClock "0:00:24"]
[BlackClock "0:00:11"]

1. e4 c5 2. Nf3 e6 3. Nc3 d6 4. h3 Nf6 5. g4 Nc6 6. Bg2 e5 7. d3 h6 8. Ne2 Be7 9. Ng3 g6 10. c3 Qb6 11. O-O Be6 12. Qe2 h5 13. g5 Nh7 14. h4 Bg4 15. Be3 Nf8 16. Qd2 O-O-O 17. b4 Kb8 18. a4 Qc7 19. Rfc1 Ne6 20. Nh2 f5 21. gxf6 Bxf6 22. f3 Bxh4 23. Ngf1 Bf5 24. exf5 gxf5 25. Kh1 Rdg8 26. d4 Bg5 27. d5 Bxe3 28. Nxe3 Nf4 29. dxc6 Qxc6 30. Rd1 Rg6 31. Bf1 Rhg8 32. Bb5 Qc8 33. Rg1 Rxg1+ 34. Rxg1 Rxg1+ 35. Kxg1 Qg8+ 36. Kh1 Qg3 37. Bf1 Kc7 38. Qxd6+ 1-0


[Site "https://www.chess.com"]

[Event "Titled Tuesday Blitz January 17 Late 2023"]
[White "Iliaguev, Nisim"]
[Black "Kamsky, Gata"]
[WhiteFideId "2817276"]
[BlackFideId "2000024"]
[WhiteElo "2402"]
[BlackElo "2665"]
[Result "1-0"]
[Round "04"]
[TimeControl "180+2"]
[Date "2023.01.17"]
[WhiteClock "0:01:16"]
[BlackClock "0:00:10"]

1. d4 Nf6 2. Nf3 g6 3. g3 Bg7 4. Bg2 O-O 5. O-O d6 6. c4 Nbd7 7. Nc3 c6 8. b3 Re8 9. Bb2 e5 10. dxe5 dxe5 11. Qc2 Nc5 12. Rad1 Qb6 13. Qc1 a5 14. Ba3 e4 15. Ng5 e3 16. f4 h6 17. Bxc5 Qxc5 18. Nge4 Nxe4 19. Nxe4 Qb4 20. Nd6 Re7 21. f5 Bxf5 22. Nxf5 gxf5 23. Rxf5 a4 24. Qc2 axb3 25. axb3 Qc3 26. Qxc3 Bxc3 27. Rd3 Bb4 28. Bf3 Ra2 29. Rd8+ Kg7 30. Rf4 Rd2 31. Rg4+ Kf6 32. Rh8 Re6 33. Rxh6+ Ke7 34. Rxe6+ Kxe6 35. h4 Bc3 36. Kg2 Kd6 37. h5 Kc5 38. h6 Rd8 39. h7 Rh8 40. Be4 Kb4 41. Bc2 Ka3 42. Rf4 Kb2 43. Bd3 Kxb3 44. Rxf7 b6 45. g4 Kb4 46. g5 1-0


[Site "https://www.chess.com"]

[Event "Titled Tuesday Blitz January 17 Late 2023"]
[White "Vlassov, Nikolai"]
[Black "Bortnyk, Mykola"]
[WhiteFideId "4103360"]
[BlackFideId "14120836"]
[WhiteElo "2283"]
[BlackElo "2425"]
[Result "0-1"]
[Round "04"]
[TimeControl "180+2"]
[Date "2023.01.17"]
[WhiteClock "0:00:24"]
[BlackClock "0:00:39"]

1. e4 Nf6 2. e5 Nd5 3. d4 d6 4. c4 Nb6 5. exd6 cxd6 6. Nc3 g6 7. a4 Bg7 8. a5 N6d7 9. Nf3 O-O 10. Be3 Nc6 11. a6 bxa6 12. Be2 Rb8 13. Qc2 Nb4 14. Qd2 Nf6 15. O-O Bf5 16. h3 Qd7 17. Nh4 Ne4 18. Qc1 Rfc8 19. Nxf5 gxf5 20. b3 d5 21. c5 Rxc5 22. dxc5 Nxc3 23. Bh5 Qc6 24. Qd2 Ne4 25. Qe2 d4 26. Bf4 d3 27. Bxf7+ Kxf7 28. Qh5+ Qg6 29. Qxg6+ hxg6 30. Bxb8 Bxa1 31. Rxa1 Nxc5 32. Bxa7 Nxb3 33. Rb1 d2 34. Kf1 Nc1 0-1


[Site "https://www.chess.com"]

[Event "Titled Tuesday Blitz January 17 Late 2023"]
[White "Bjelobrk, Igor"]
[Black "Oparin, Grigoriy"]
[WhiteFideId "4300726"]
[BlackFideId "24125890"]
[WhiteElo "2403"]
[BlackElo "2667"]
[Result "0-1"]
[Round "04"]
[TimeControl "180+2"]
[Date "2023.01.17"]
[WhiteClock "0:00:21"]
[BlackClock "0:02:10"]

1. Nf3 c5 2. c4 Nf6 3. d4 cxd4 4. Nxd4 e6 5. g3 d5 6. Bg2 Nc6 7. O-O Bc5 8. Nb3 Bb6 9. cxd5 Nxd5 10. N1d2 O-O 11. Nc4 Bc7 12. e4 Nb6 13. Nxb6 Bxb6 14. Qe2 e5 15. Be3 Be6 16. Rfd1 Qe7 17. Bxb6 axb6 18. Qe3 Qb4 19. Rd3 Rfd8 20. Rc3 Nd4 21. Qe1 Bxb3 22. axb3 Rxa1 23. Qxa1 Ne2+ 0-1


[Site "https://www.chess.com"]

[Event "Titled Tuesday Blitz January 17 Late 2023"]
[White "Musovic, Armin"]
[Black "Riehle, Marco"]
[WhiteFideId "939935"]
[BlackFideId "12904392"]
[WhiteElo "2261"]
[BlackElo "2368"]
[Result "0-1"]
[Round "04"]
[TimeControl "180+2"]
[Date "2023.01.17"]
[WhiteClock "0:00:28"]
[BlackClock "0:01:39"]

1. e4 e5 2. Nf3 Nf6 3. Nc3 Nc6 4. Bb5 Bc5 5. Nxe5 O-O 6. Nd3 Bd4 7. O-O Re8 8. Ne2 Rxe4 9. c3 Bb6 10. Ng3 Rh4 11. Ba4 d5 12. Bc2 Qd6 13. Ne1 Ng4 14. Nf3 Nxh2 15. d4 Bg4 16. Re1 Bxd4 17. cxd4 Bxf3 18. Nf5 Bxd1 19. Nxd6 Bxc2 20. Ne8 Nxd4 21. Bg5 Nhf3+ 22. gxf3 Nxf3+ 23. Kg2 Nxe1+ 24. Rxe1 Rg4+ 25. Kf1 Bd3+ 26. Re2 Bxe2+ 27. Kxe2 Rxe8+ 28. Be7 Rxe7+ 29. Kd2 0-1


[Site "https://www.chess.com"]